 Dungeon Crawl Stone Soup version 0.20-a0-738-gb057e68 (webtiles) character file.

306 nono the Cutter (level 6, -2/29 HPs)
             Began as a Vine Stalker Arcane Marksman on Feb 23, 2017.
             Slain by a wolf (3 damage)
             ... on level 4 of the Dungeon.
             The game lasted 00:08:36 (3242 turns).

nono the Cutter (Vine Stalker Arcane Marksman)      Turns: 3242, Time: 00:08:36

Health: -2/29      AC: 11    Str: 13    XL:     6   Next: 39%
Magic:  0/8        EV:  3    Int: 13    God:
Gold:   208        SH:  0    Dex: 14    Spells: 6/7 levels left

rFire    . . .     SeeInvis .   i - +0 dagger
rCold    . . .     Gourm    .   h - +1 plate armour
rNeg     . . .     Faith    .   (no shield)
rPois    .         Spirit   +   (no helmet)
rElec    .         Reflect  .   (no cloak)
rCorr    .         Harm     .   (no gloves)
MR       .....                  (no boots)
Stlth    ..........             (no amulet)
Regen    0.5/turn               r - -2 ring of strength (curse)
MPRegen  0.2/turn               e - +1 ring of slaying

@: no status effects
A: fangs 2, regeneration 1, magic shield, antimagic bite, no potion heal 3, rot
immunity
a: no special abilities


You were on level 4 of the Dungeon.
You were not hungry.

You visited 1 branch of the dungeon, and saw 4 of its levels.

You collected 208 gold pieces.

Inventory:

Hand Weapons
 i - a +0 dagger (weapon)
Missiles
 c - 4 javelins (quivered)
Armour
 a - a +0 robe
 h - a +1 plate armour (worn)
Jewellery
 e - a +1 ring of slaying (left hand)
 r - a cursed -2 ring of strength (right hand)
Wands
 p - a wand of polymorph (7/24)
Scrolls
 g - a scroll of enchant armour
 j - a scroll of blinking
 k - 3 scrolls of recharging
 n - a scroll of identify
 q - a scroll of fear
Potions
 m - a potion of mutation {unknown}
 o - 4 potions of curing {unknown}
 s - 2 potions of lignification {unknown}
 u - 2 potions of heal wounds {unknown}
Books
 b - a book of Debilitation

   Spells                             Type                      Level
   a - Corona                         Hexes                        1
   b - Slow                           Hexes                        2
   c - Inner Flame                    Hexes/Fire                   3
   d - Portal Projectile              Hexes/Translocation          3
   e - Cause Fear                     Hexes                        4
   f - Leda's Liquefaction            Hexes/Earth                  4
 t - a book of Misfortune

   Spells                             Type                      Level
   a - Confusing Touch                Hexes                        1
   b - Confuse                        Hexes                        3
   c - Gell's Gravitas                Translocation                3
   d - Petrify                        Transmutation/Earth          4
   e - Metabolic Englaciation         Hexes/Ice                    5
   f - Yara's Violent Unravelling     Hexes/Transmutation          5
Comestibles
 f - 4 bread rations
 l - a royal jelly
 v - a meat ration
 w - 5 chunks of flesh


   Skills:
 - Level 0.8 Fighting
 + Level 5.4 Short Blades
 - Level 1.7 Throwing
 - Level 1.5 Dodging
 - Level 1.2 Unarmed Combat
 - Level 1.1 Spellcasting
 - Level 3.0 Hexes


You had 6 spell levels left.
You knew the following spells:

 Your Spells              Type           Power        Failure   Level  Hunger
a - Corona                Hex            #......      100%        1    ##.....


Dungeon Overview and Level Annotations

Branches:
Dungeon (4/15)             Temple (0/1) D:4

Altars:
Ashenzari
Hepliaklqana
Makhleb
Trog
Vehumet


Innate Abilities, Weirdness & Mutations

You have extremely sharp teeth.
Your natural rate of healing is unusually fast.
When hurt, damage is shared between your health and your magic reserves.
Your bite disrupts and absorbs the magic of your enemies.
Potions cannot restore your health.
You are immune to rotting.


Message History

The wolf bites you.
* * * LOW HITPOINT WARNING * * *
Evoke which item? (* to show all) (? for menu, Esc to quit)
Okay, then.
You barely miss the wolf.
The wolf is heavily wounded.
The wolf bites you but does no damage.
You miss the wolf.
The wolf is heavily wounded.
The wolf bites you.
* * * LOW HITPOINT WARNING * * *
Throwing (i - inventory):
c - 5 javelins (quivered)
Press: ? - help, Shift-Dir - straight line, f/p - wolf
Aim: a wolf (heavily wounded)
You throw a javelin. The javelin barely misses the wolf.
The wolf bites you!
* * * LOW HITPOINT WARNING * * *
The wolf bites you.
* * * LOW HITPOINT WARNING * * *
The wolf bites you.
You die...

#
##....##...[######...
##..................
##.........!.......
.. ##.....##....#....
... #...<.####....#
... ##...## ##...#
.... ###..## #.$.##
..[. ##..## #...(##
.... #@.# ##.>..#
....
##h####....#......
#Z.......(.......
#..(...####......
##..#### ##...# #..##
##.# ..# #.##


You could see a wolf and an adder skeleton.

Vanquished Creatures
  A crimson imp (D:3)
  An orc wizard (D:4)
  A centaur skeleton (D:4)
  An iguana (D:4)
  A worker ant (D:4)
  5 adders
  3 gnolls
  An ooze (D:1)
  A worm (D:3)
  2 dart slugs (D:1)
  A leopard gecko (D:4)
  11 orcs
  11 bats
  4 giant cockroaches
  8 hobgoblins
  2 jackals (D:2)
  2 quokkas (D:2)
  A ball python (D:1)
  5 frilled lizards
  5 goblins
  6 kobolds
  2 rats
75 creatures vanquished.

Notes
Turn   | Place    | Note
-------+----------+-------------------------------------------
     0 | D:1      | nono the Vine Stalker Arcane Marksman began the quest for the Orb.
     0 | D:1      | Reached XP level 1. HP: 9/9 MP: 3/3
   150 | D:1      | Reached skill level 1 in Unarmed Combat
   287 | D:1      | Reached XP level 2. HP: 10/14 MP: 4/4
   511 | D:1      | Reached skill level 1 in Short Blades
   707 | D:1      | Reached XP level 3. HP: 15/17 MP: 5/5
   837 | D:1      | Reached skill level 2 in Short Blades
  1565 | D:2      | Gained mutation: Your natural rate of healing is unusually fast. [Vine Stalker growth]
  1565 | D:2      | Reached XP level 4. HP: 20/21 MP: 4/6
  1888 | D:3      | Found a hazy altar of Hepliaklqana.
  1889 | D:3      | Found a shattered altar of Ashenzari.
  1891 | D:3      | Found a bloodstained altar of Trog.
  1935 | D:3      | Reached skill level 3 in Short Blades
  2268 | D:3      | Found a burning altar of Makhleb.
  2268 | D:3      | Found a radiant altar of Vehumet.
  2298 | D:3      | Reached XP level 5. HP: 24/25 MP: 7/7
  2477 | D:3      | Reached skill level 4 in Short Blades
  2740 | D:4      | Found a staircase to the Ecumenical Temple.
  2925 | D:4      | Noticed a wolf
  2925 | D:4      | an orc priest changed into a wolf
  2993 | D:4      | Reached XP level 6. HP: 26/29 MP: 8/8
  3011 | D:4      | Reached skill level 5 in Short Blades
  3242 | D:4      | HP: 1/29 [wolf (2)]
  3242 | D:4      | Slain by a wolf

Vault maps used:
D:1:      minmay_arrival_loop
D:3:      grunt_temple_overflow_lords_of_destruction,
          gammafunk_temple_overflow_forgotten, first_bread
D:4:      minmay_temple_entry_from_below_a

Skill      XL: |  1  2  3  4  5  6 |
---------------+-------------------+-----
Unarmed Combat | 1 |  1.2
Short Blades   | 1 2 3 4 5 |  5.4
Fighting       | |  0.8
Throwing       | |  1.7
Dodging        | |  1.5
Spellcasting   | |  1.1
Hexes          | |  3.0

Action                   |  1- 3 |  4- 6 || total
-------------------------+-------+-------++-------
Melee: Unarmed           |    26 |       ||    26
       Dagger            |   151 |   288 ||   439
       Bite              |    33 |    79 ||   112
       Punch             |     1 |       ||     1
Throw: Throwing net      |     1 |     5 ||     6
       Javelin           |     1 |     1 ||     2
Evoke: Wand              |       |     2 ||     2
  Use: Scroll            |       |     5 ||     5
 Stab: Held in net/web   |       |     1 ||     1
  Eat: Chunk             |     2 |     6 ||     8
Armor: Plate armour      |   185 |   219 ||   404
Dodge: Dodged            |    34 |    33 ||    67
